[ PARTIDA AOE2 · #487741708 ]
UnrankedJemeres vs Britons
Equipo del jugador · VICT
Equipo rival · DERR
[ ANÁLISIS DE REPETICIÓN · EXTRAÍDO DE LA PARTIDA GRABADA ]
Feudal
7:55
Castillos
15:45
Imperial
31:48
| APM promedio | 12.9 |
| APM pico | 56 |
| eAPM promedio | 11.0 |
| Aldeanos / militares | 76 / 596 |
Foco
⚔️ 42.8% · 🌾 57.2%
Skirmisher ×511 · Battle Elephant ×52 · Spearman ×15 · Trebuchet (Packed) ×13 · Monk ×4 · Militia ×1
Feudal
8:14
Castillos
17:31
Imperial
26:23
| APM promedio | 12.7 |
| APM pico | 64 |
| eAPM promedio | 9.4 |
| Aldeanos / militares | 45 / 267 |
Foco
⚔️ 51.6% · 🌾 48.4%
Longbowman ×263 · Trebuchet (Packed) ×4
Mapa de la partida
Recursos iniciales + cada clic de construcción. Líneas = muros · curvas = relieve. ◆ oro · ⬟ piedra · ● bayas · ✦ reliquia · ◌ hueco del cierre
Tu base· ✓ Cerrada en 15:45 · 0t muro · 7 puerta(s)
Base de charlesciantar66· ✓ Cerrada en 17:31 · 0t muro · 5 puerta(s)
Terreno inicial suavizado · ◌ = hueco del cierre detectado · pasá el cursor para detalles
Inputs por minuto
— Tolomagno LXIX - - charlesciantar66
Build order — Tolomagno LXIX
Primeras 150 de 413 acciones detectadas
| 0:01 | Crear | Villager (Male) |
| 0:02 | Crear | Villager (Male) |
| 0:02 | Crear | Villager (Male) |
| 0:02 | Crear | Villager (Male) |
| 0:02 | Crear | Villager (Male) |
| 0:27 | Construir | Lumber Camp |
| 1:00 | Construir | Mill |
| 2:01 | Crear | Villager (Male) |
| 2:01 | Crear | Villager (Male) |
| 2:01 | Crear | Villager (Male) |
| 2:02 | Crear | Villager (Male) |
| 3:12 | Crear | Villager (Male) |
| 3:37 | Construir | Mining Camp |
| 3:39 | Crear | Villager (Male) |
| 3:50 | Crear | Villager (Male) |
| 4:26 | Crear | Villager (Male) |
| 5:45 | Investigar | Feudal Age |
| 5:45 | Investigar | Loom |
| 6:24 | Construir | Mill |
| 7:02 | Crear | Villager (Male) |
| 7:02 | Crear | Villager (Male) |
| 7:03 | Crear | Villager (Male) |
| 7:04 | Crear | Villager (Male) |
| 7:19 | Crear | Militia |
| 7:55 | Edad | Edad Feudal |
| 7:56 | Investigar | Double-Bit Axe |
| 8:19 | Investigar | Horse Collar |
| 8:48 | Construir | Lumber Camp |
| 9:05 | Construir | Farm |
| 9:25 | Construir | Farm |
| 10:06 | Construir | Farm |
| 10:22 | Construir | Farm |
| 10:24 | Construir | Farm |
| 10:35 | Crear | Villager (Male) |
| 10:35 | Crear | Villager (Male) |
| 10:36 | Crear | Villager (Male) |
| 10:36 | Crear | Villager (Male) |
| 10:36 | Crear | Villager (Male) |
| 10:37 | Crear | Villager (Male) |
| 11:23 | Construir | Market |
| 12:40 | Construir | Blacksmith |
| 12:54 | Investigar | Castle Age |
| 13:26 | Construir | Farm |
| 13:27 | Construir | Farm |
| 13:29 | Construir | Farm |
| 13:45 | Construir | Archery Range |
| 13:50 | Investigar | Gold Mining |
| 14:13 | Construir | Mining Camp |
| 14:51 | Construir | Stable |
| 14:58 | Investigar | Stone Mining |
| 15:14 | Investigar | Arson |
| 15:19 | Investigar | Scale Barding Armor |
| 15:22 | Investigar | Scale Mail Armor |
| 15:25 | Investigar | Padded Archer Armor |
| 15:45 | Edad | Edad de los Castillos |
| 15:55 | Crear | Villager (Male) |
| 15:56 | Crear | Villager (Male) |
| 15:56 | Crear | Villager (Male) |
| 15:56 | Crear | Villager (Male) |
| 16:04 | Construir | House |
| 16:06 | Construir | House |
| 16:07 | Construir | House |
| 16:09 | Construir | House |
| 16:10 | Construir | House |
| 16:11 | Construir | House |
| 16:13 | Construir | House |
| 16:14 | Construir | House |
| 16:45 | Construir | Farm |
| 16:47 | Construir | Farm |
| 16:49 | Construir | Farm |
| 17:07 | Crear | Villager (Male) |
| 17:07 | Crear | Villager (Male) |
| 17:24 | Construir | Town Center |
| 17:33 | Investigar | Husbandry |
| 17:38 | Investigar | Crossbowman (upgrade) |
| 18:05 | Investigar | Leather Archer Armor |
| 18:06 | Investigar | Fletching |
| 18:12 | Investigar | Elite Skirmisher (upgrade) |
| 18:40 | Crear | Villager (Male) |
| 18:41 | Crear | Villager (Male) |
| 18:41 | Crear | Villager (Male) |
| 18:42 | Crear | Villager (Male) |
| 19:36 | Construir | Archery Range |
| 19:46 | Construir | Archery Range |
| 20:06 | Crear | Villager (Male) |
| 20:07 | Crear | Villager (Male) |
| 20:07 | Crear | Villager (Male) |
| 20:07 | Crear | Villager (Male) |
| 20:07 | Crear | Villager (Male) |
| 20:51 | Crear | Villager (Male) |
| 20:52 | Crear | Villager (Male) |
| 21:02 | Construir | Farm |
| 21:05 | Construir | Farm |
| 21:11 | Investigar | Bodkin Arrow |
| 21:30 | Construir | Archery Range |
| 21:32 | Construir | Archery Range |
| 21:34 | Construir | Archery Range |
| 21:39 | Investigar | Pikeman (upgrade) |
| 21:42 | Investigar | Man-at-Arms (upgrade) |
| 21:48 | Investigar | Bow Saw |
| 22:43 | Construir | Monastery |
| 22:55 | Crear | Villager (Male) |
| 22:55 | Crear | Villager (Male) |
| 22:56 | Crear | Villager (Male) |
| 22:56 | Crear | Villager (Male) |
| 22:57 | Crear | Villager (Male) |
| 22:57 | Crear | Villager (Male) |
| 23:16 | Crear | Monk |
| 24:12 | Construir | Town Center |
| 24:30 | Construir | Mining Camp |
| 24:48 | Construir | Farm |
| 24:55 | Construir | Lumber Camp |
| 25:01 | Construir | Lumber Camp |
| 25:07 | Crear | Villager (Male) |
| 25:07 | Crear | Villager (Male) |
| 25:07 | Crear | Villager (Male) |
| 25:26 | Crear | Villager (Male) |
| 25:27 | Crear | Villager (Male) |
| 25:27 | Crear | Villager (Male) |
| 25:27 | Crear | Villager (Male) |
| 25:28 | Crear | Villager (Male) |
| 25:38 | Construir | University |
| 25:44 | Crear | Skirmisher ×5 |
| 25:44 | Crear | Skirmisher ×5 |
| 26:17 | Construir | House |
| 26:17 | Construir | House |
| 26:19 | Construir | House |
| 26:20 | Construir | House |
| 26:21 | Construir | House |
| 26:23 | Construir | House |
| 28:00 | Construir | Lumber Camp |
| 28:20 | Construir | Stable |
| 28:22 | Construir | Stable |
| 28:26 | Construir | Stable |
| 28:28 | Construir | Stable |
| 28:38 | Investigar | Imperial Age |
| 28:42 | Investigar | Wheelbarrow |
| 28:47 | Investigar | Town Watch |
| 28:59 | Investigar | Light Cavalry (upgrade) |
| 29:22 | Construir | Farm |
| 29:51 | Construir | Farm |
| 29:52 | Construir | Farm |
| 29:54 | Construir | Farm |
| 29:58 | Construir | Farm |
| 30:01 | Crear | Villager (Male) |
| 30:01 | Crear | Villager (Male) |
| 30:01 | Crear | Villager (Male) |
| 30:01 | Crear | Villager (Male) |
| 30:19 | Investigar | Chain Mail Armor |
| 30:20 | Investigar | Chain Barding Armor |
Build order — charlesciantar66
Primeras 150 de 387 acciones detectadas
| 0:29 | Construir | Lumber Camp |
| 1:09 | Construir | Mill |
| 1:16 | Crear | Villager (Male) |
| 1:16 | Crear | Villager (Male) |
| 1:17 | Crear | Villager (Male) |
| 1:17 | Crear | Villager (Male) |
| 1:18 | Crear | Villager (Male) |
| 1:20 | Crear | Villager (Male) |
| 2:40 | Construir | Farm |
| 3:05 | Construir | Farm |
| 3:29 | Construir | Farm |
| 3:53 | Construir | Mining Camp |
| 4:08 | Crear | Villager (Male) |
| 4:08 | Crear | Villager (Male) |
| 4:11 | Crear | Villager (Male) |
| 4:40 | Construir | Farm |
| 5:07 | Construir | Farm |
| 5:31 | Construir | Farm |
| 6:04 | Investigar | Feudal Age |
| 8:14 | Edad | Edad Feudal |
| 8:16 | Investigar | Double-Bit Axe |
| 8:21 | Investigar | Horse Collar |
| 8:24 | Investigar | Wheelbarrow |
| 8:26 | Crear | Villager (Male) |
| 8:27 | Crear | Villager (Male) |
| 8:28 | Crear | Villager (Male) |
| 9:23 | Investigar | Gold Mining |
| 9:24 | Investigar | Stone Mining |
| 10:11 | Construir | Mining Camp |
| 10:30 | Crear | Villager (Male) |
| 10:30 | Crear | Villager (Male) |
| 10:37 | Construir | Farm |
| 11:03 | Construir | Farm |
| 11:29 | Construir | Farm |
| 12:19 | Crear | Villager (Male) |
| 12:20 | Crear | Villager (Male) |
| 13:07 | Construir | Market |
| 13:21 | Construir | Market |
| 13:47 | Crear | Villager (Male) |
| 14:13 | Construir | Blacksmith |
| 14:51 | Investigar | Castle Age |
| 15:08 | Construir | Farm |
| 15:23 | Investigar | Fletching |
| 15:25 | Investigar | Padded Archer Armor |
| 17:20 | Construir | House |
| 17:25 | Construir | House |
| 17:30 | Construir | House |
| 17:31 | Edad | Edad de los Castillos |
| 17:39 | Crear | Villager (Male) |
| 17:39 | Crear | Villager (Male) |
| 17:40 | Crear | Villager (Male) |
| 17:40 | Crear | Villager (Male) |
| 17:40 | Crear | Villager (Male) |
| 17:41 | Crear | Villager (Male) |
| 17:41 | Crear | Villager (Male) |
| 17:42 | Crear | Villager (Male) |
| 17:43 | Crear | Villager (Male) |
| 17:43 | Crear | Villager (Male) |
| 18:03 | Investigar | Heavy Plow |
| 18:05 | Investigar | Bow Saw |
| 19:39 | Construir | Castle |
| 20:00 | Investigar | Bodkin Arrow |
| 20:05 | Investigar | Leather Archer Armor |
| 20:13 | Investigar | Gold Shaft Mining |
| 21:58 | Construir | University |
| 22:17 | Construir | Mining Camp |
| 23:13 | Investigar | Imperial Age |
| 23:30 | Construir | Lumber Camp |
| 26:23 | Edad | Edad Imperial |
| 26:27 | Investigar | Elite Longbowman (upgrade) |
| 26:36 | Crear | Villager (Male) |
| 26:36 | Crear | Villager (Male) |
| 26:37 | Crear | Villager (Male) |
| 26:37 | Crear | Villager (Male) |
| 26:38 | Crear | Villager (Male) |
| 27:29 | Investigar | Conscription |
| 27:41 | Investigar | Bracer |
| 28:06 | Construir | Farm |
| 28:46 | Investigar | Ring Archer Armor |
| 29:14 | Construir | Castle |
| 29:49 | Crear | Villager (Male) |
| 29:50 | Crear | Villager (Male) |
| 29:53 | Crear | Villager (Male) |
| 30:17 | Crear | Longbowman |
| 30:17 | Crear | Longbowman |
| 30:18 | Crear | Longbowman |
| 30:18 | Crear | Longbowman |
| 30:19 | Crear | Longbowman |
| 30:19 | Crear | Longbowman |
| 30:20 | Crear | Longbowman |
| 30:20 | Crear | Longbowman |
| 30:20 | Crear | Longbowman |
| 30:21 | Crear | Longbowman |
| 30:21 | Crear | Longbowman |
| 30:22 | Crear | Longbowman |
| 30:22 | Crear | Longbowman |
| 30:23 | Crear | Longbowman |
| 30:23 | Crear | Longbowman |
| 30:41 | Construir | Lumber Camp |
| 31:21 | Construir | House |
| 31:27 | Construir | House |
| 31:52 | Investigar | Ballistics |
| 32:09 | Crear | Trebuchet (Packed) |
| 32:15 | Crear | Trebuchet (Packed) |
| 32:55 | Construir | House |
| 33:01 | Construir | House |
| 33:25 | Crear | Longbowman |
| 33:26 | Crear | Longbowman |
| 33:26 | Crear | Longbowman |
| 33:27 | Crear | Longbowman |
| 33:27 | Crear | Longbowman |
| 33:28 | Crear | Longbowman |
| 33:28 | Crear | Longbowman |
| 33:29 | Crear | Longbowman |
| 33:29 | Crear | Longbowman |
| 33:30 | Crear | Longbowman |
| 33:56 | Crear | Longbowman |
| 33:56 | Crear | Longbowman |
| 33:57 | Crear | Longbowman |
| 33:57 | Crear | Longbowman |
| 33:58 | Crear | Longbowman |
| 33:58 | Crear | Longbowman |
| 33:58 | Crear | Longbowman |
| 33:59 | Crear | Longbowman |
| 33:59 | Crear | Longbowman |
| 34:14 | Construir | House |
| 34:19 | Construir | House |
| 34:23 | Construir | House |
| 34:45 | Crear | Longbowman |
| 34:46 | Crear | Longbowman |
| 34:46 | Crear | Longbowman |
| 34:47 | Crear | Longbowman |
| 34:47 | Crear | Longbowman |
| 34:47 | Crear | Longbowman |
| 35:13 | Investigar | Chemistry |
| 35:48 | Crear | Trebuchet (Packed) |
| 36:09 | Construir | House |
| 36:13 | Construir | House |
| 36:20 | Construir | House |
| 36:33 | Crear | Villager (Male) |
| 36:34 | Crear | Villager (Male) |
| 36:34 | Crear | Villager (Male) |
| 37:12 | Crear | Longbowman |
| 37:13 | Crear | Longbowman |
| 37:13 | Crear | Longbowman |
| 37:14 | Crear | Longbowman |
| 37:14 | Crear | Longbowman |
| 37:20 | Crear | Longbowman |
| 37:20 | Crear | Longbowman |
| 37:21 | Crear | Longbowman |
Cronología de la partida
| 7:55 | Tolomagno LXIX · age_up feudal |
| 8:14 | charlesciantar66 · age_up feudal |
| 13:45 | Tolomagno LXIX · first_building Archery Range |
| 14:51 | Tolomagno LXIX · first_building Stable |
| 15:45 | Tolomagno LXIX · age_up castle |
| 17:31 | charlesciantar66 · age_up castle |
| 19:39 | charlesciantar66 · first_building Castle |
| 22:42 | charlesciantar66 · first_market_sell 100 food |
| 22:43 | Tolomagno LXIX · first_building Monastery |
| 26:23 | charlesciantar66 · age_up imperial |
| 30:38 | Tolomagno LXIX · first_building Castle |
| 31:48 | Tolomagno LXIX · age_up imperial |
| 34:19 | Tolomagno LXIX · first_building Barracks |
| 34:45 | Tolomagno LXIX · first_market_sell 100 wood |
| 40:54 | charlesciantar66 · first_market_buy 100 wood |
| 48:27 | Tolomagno LXIX · first_market_buy 100 wood |
| 68:12 | charlesciantar66 · resign |
[ ANÁLISIS IA · 1 CRÉDITO ]
¿Qué pasó realmente en esta partida?
Wolo.gg analiza cada decisión: build order, eco, micro, errores típicos por bracket. Análisis personalizado por WhatsApp o Discord en 30 segundos.
Guía civ
Jemeres
Perfil
Jugador #11310474